 Dungeon Crawl Stone Soup version 0.29.1-15-g9cfb28693d (webtiles) character file.

Game seed: 14840652333984042984

620 javelincjr the Trooper (level 7, -2/53 HPs)
             Began as a Djinni Hedge Wizard on May 2, 2023.
             Was a Follower of the Shining One.
             Slain by Duvessa
             ... wielding a +1 short sword of freezing
              (6 damage)
             ... on level 4 of the Dungeon.
             The game lasted 00:20:36 (6259 turns).

javelincjr the Trooper (Djinni Hedge Wizard)        Turns: 6259, Time: 00:20:37

Health: -2/53      AC:  3    Str:  9    XL:     7   Next: 75%
Gold:   186        EV: 13    Int: 17    God:    the Shining One [*.....] SH:  0 Dex: 13

rFire   + + .      SeeInvis .   e - +2 short sword (elec)
rCold   x . .      Faith    .   (no shield)
rNeg    . . .      Spirit   .   b - +0 robe
rPois   ∞          Reflect  .   c - +0 hat
rElec   .          Harm     .   g - +0 cloak
rCorr   .          Rampage  .   (no gloves)
Will    .....                   (boots unavailable)
Stlth   +.........              (no amulet)
HPRegen 0.17/turn               (no ring)
MPRegen 0.00/turn               (no ring)

@: flying, glowing
A: sickness immunity, fire resistance 2, cold vulnerability 1, float, innate
caster, HP casting, extra vitality 1
a: Renounce Religion, Divine Shield


You were on level 4 of the Dungeon.
You worshipped the Shining One.
The Shining One was aware of your devotion.
You visited 1 branch of the dungeon, and saw 4 of its levels.
You also visited: Sewer.

You collected 186 gold pieces.

Inventory:

Hand Weapons
 a - a +0 dagger
 e - a +2 short sword of electrocution (weapon)
Armour
 b - a +0 robe (worn)
 c - a +0 hat (worn)
 g - a +0 cloak (worn)
 n - a +2 chain mail of fire resistance
 p - a +4 chain mail
Wands
 q - a wand of iceblast (1)
Scrolls
 h - 3 scrolls of amnesia {unknown}
 k - 3 scrolls of magic mapping {unknown}
 l - 3 scrolls of identify {unknown}
 o - a scroll of enchant armour {unknown}
 r - a scroll of enchant weapon {unknown}
 s - a scroll of immolation {unknown}
 u - a scroll of fog {unknown}
Potions
 d - 2 potions of curing
 f - 2 potions of might {unknown}
 i - a potion of haste {unknown}
 j - a potion of degeneration {unknown}
 m - a potion of attraction {unknown}
 t - a potion of lignification {unknown}


   Skills:
 * Level 4.6 Fighting
 + Level 2.2 Armour
 + Level 4.3 Dodging
 - Level 1.6 Stealth
 + Level 3.5 Spellcasting
 + Level 2.2 Invocations


You couldn't memorise any spells.
You knew the following spells:

 Your Spells              Type           Power      Damage    Failure   Level
a - Magic Dart            Conj           60%        1d6       3%          1
b - Blink                 Tloc           30%        N/A       6%          2
c - Call Imp              Summ           15%        N/A       6%          2
d - Slow                  Hex            60%        N/A       3%          1
e - Conjure Flame         Conj/Fire      15%        6-21      12%         3
f - Mephitic Cloud        Conj/Pois/Air  15%        N/A       12%         3
g - Sandblast             Erth           30%        2d9       3%          1
h - Static Discharge      Conj/Air       15%        3-5/arc   6%          2
i - Call Canine Familiar  Summ           15%        N/A       12%         3
Your spell library was empty.

Dungeon Overview and Level Annotations

Branches:
Dungeon (4/15)              Sewer (visited)
 Temple: D:4-7

Altars:
Ashenzari
Elyvilon
The Shining One

Shops:
D:2 :

Annotations:
D:4 Dowan, Duvessa


Innate Abilities, Weirdness & Mutations

You are immune to sickness and miasma.
You are immune to poison.
Your flesh is very heat resistant. (rF++)
You are vulnerable to cold. (rC-)
You float through the air rather than walking.
You learn spells naturally, not from books.
Your magical power is your life essence.
You have superior vitality. (+4 MHP)


Message History

Duvessa hits you with a +1 short sword of freezing!
* * * LOW HITPOINT WARNING * * *
Duvessa freezes you.
* * * LOW HITPOINT WARNING * * *
Your hound bites Duvessa but does no damage.
Duvessa hits you with a +1 short sword of freezing.
* * * LOW HITPOINT WARNING * * *
Duvessa freezes you.
* * * LOW HITPOINT WARNING * * *
Casting: Sandblast (safe; 3% risk of failure)
Confirm with . or Enter, or press ? or * to list all spells.
You don't have enough health to cast this spell.
Unknown command.
Unknown command.
It was a potion of curing.
You feel better.
Your hound bites Duvessa but does no damage.
Duvessa barely misses your hound.
Your hound bites Duvessa but does no damage.
Casting: Sandblast (safe; 3% risk of failure)
Confirm with . or Enter, or press ? or * to list all spells.
Aiming: Sandblast (safe; 3% risk of failure)
Press: ? - help, Shift-Dir - straight line, f/p - Duvessa
Aim: Duvessa, wielding a +1 short sword of freezing and wearing a +2 ring mail of cold resistance (almost dead, not watching you, ally target, haloed, 90% to hit)
The blast of sand hits Duvessa but does no damage.
Duvessa is almost dead.
* * * LOW HITPOINT WARNING * * *
Your hound bites Duvessa but does no damage.
Duvessa barely misses your hound.
Your hound bites Duvessa but does no damage.
Casting: Sandblast (safe; 3% risk of failure)
Confirm with . or Enter, or press ? or * to list all spells.
Aiming: Sandblast (safe; 3% risk of failure)
Press: ? - help, Shift-Dir - straight line, f/p - Duvessa
Aim: Duvessa, wielding a +1 short sword of freezing and wearing a +2 ring mail of cold resistance (almost dead, not watching you, ally target, haloed, 90% to hit)
The blast of sand hits Duvessa but does no damage.
Duvessa is almost dead.
* * * LOW HITPOINT WARNING * * *
Your hound bites Duvessa but does no damage.
Duvessa hits you with a +1 short sword of freezing.
You die...

.#.~~~~~#÷~~#...#....###.###
.######~#~#~#~...........).##
.#~~~~#~#~#~#~.........###..#
.#~##~~~~~#~~~~........# #>.#####
.########~#~#~.......#.###......#
.#~~~~†~~~#~~~..#....#......#####
.##~#######~#...#...####.#..#
.##~~~~~~~#~~~..###.####.#..#
.##########~~[.e@...........# .#
#...h.#######.....# .# #.###.#
#.....# .##########.###.#
#.....#### ...........#....#
#........## ###########.###[#
#.......... #.# #.# #...>....##
#[# #.#######.##..#.##
#.###.........###.#.#


You could see Duvessa (ally target) and a friendly hound (summoned).

Vanquished Creatures
  Sigmund (D:4)
  Pargi (Sewer)
  A howler monkey (D:4)
  Terence (D:3)
  An orc wizard (D:3)
  2 river rats (D:4)
  4 adders
  A worm (D:4)
  4 dart slugs
  6 orcs (D:3)
  9 ball pythons
  9 bats
  4 endoplasms
  5 giant cockroaches
  9 goblins
  6 hobgoblins
  9 kobolds
  2 quokkas (D:2)
  4 frilled lizards
  8 rats
87 creatures vanquished.

Vanquished Creatures (collateral kills)
  Blork the orc (D:4)
  Crazy Yiuf (D:4)
  An iguana (D:4)
  A dart slug (D:4)
  An orc (D:4)
  An endoplasm (D:4)
  A kobold (Sewer)
7 creatures vanquished.

Vanquished Creatures (others)
  2 fungi (D:1)
  4 plants (D:1)
6 creatures vanquished.

Grand Total: 100 creatures vanquished

Notes
Turn   | Place    | Note
-------+----------+-------------------------------------------
     0 | D:1      | javelincjr the Djinni Hedge Wizard began the quest for the
                  | Orb.
     0 | D:1      | javelincjr set off with the following spells memorised:
                  | Magic Dart, Blink, Call Imp, Slow, Conjure Flame, Mephitic
                  | Cloud.
     0 | D:1      | Reached XP level 1. HP: 15/15 MP: 0/0
   139 | D:1      | Reached XP level 2. HP: 14/22 MP: 0/0
   453 | D:1      | Reached skill level 1 in Fighting
   780 | D:1      | Reached XP level 3. HP: 26/27 MP: 0/0
   780 | D:1      | Learned a level 1 spell: Sandblast
  1910 | D:1      | Found a faded altar of an unknown god.
  1919 | D:1      | Prayed at the altar of an unknown god.
  1919 | D:1      | Became a worshipper of the Shining One
  1919 | D:1      | Reached * piety under the Shining One
  2105 | D:2      | Reached XP level 4. HP: 23/33 MP: 0/0
  2528 | D:2      | Found Wuogy's Book Shop.
  3049 | D:3      | Noticed Terence
  3057 | D:3      | Killed Terence
  3058 | D:3      | Reached XP level 5. HP: 21/40 MP: 0/0
  3058 | D:3      | Learned a level 2 spell: Static Discharge
  4298 | D:4      | Noticed Sigmund
  4307 | D:4      | Killed Sigmund
  4308 | D:4      | Reached skill level 1 in Armour
  4308 | D:4      | Reached skill level 1 in Invocations
  4308 | D:4      | Reached XP level 6. HP: 28/47 MP: 0/0
  4451 | D:4      | Found a glowing drain.
  4459 | Sewer    | Entered a sewer
  4482 | Sewer    | Noticed Pargi
  4485 | Sewer    | Killed Pargi
  4486 | Sewer    | Reached XP level 7. HP: 46/52 MP: 0/0
  4486 | Sewer    | Learned a level 3 spell: Call Canine Familiar
  4744 | D:4      | Found a runed translucent door.
  4745 | D:4      | Noticed Crazy Yiuf
  4771 | D:4      | Found a broken altar of Ashenzari.
  4811 | D:4      | Killed Crazy Yiuf
  4923 | D:4      | Noticed Blork the orc
  4928 | D:4      | Killed Blork the orc
  5277 | D:4      | Found a white marble altar of Elyvilon.
  5360 | D:4      | Noticed Duvessa
  5360 | D:4      | Noticed Dowan
  6256 | D:4      | HP: 2/53 [Duvessa/+1 short sword of freezing (3)]
  6259 | D:4      | Slain by Duvessa

Illustrated notes

Levels and vault maps discovered:
D:1:      wander_arrival_desolate, layout_basic,
          shapermc_ecumenical_altar_petra, hangedman_decor_points
D:2:      layout_loops_ring, serial_shops, shop_coins
D:3:      layout_loops_ring, minmay_hedge_maze, uniq_terence
D:4:      layout_loops_ring, elyvilon_altar_1, cheibrodos_ashenzari_chains,
          lightli_sewer_entry_pipes, grunt_ministairs_13, uniq_blork_the_orc,
          uniq_crazy_yiuf_cottage, uniq_duvessa, uniq_sigmund

Skill      XL: |  1  2  3  4  5  6  7 |
---------------+----------------------+-----
Fighting       | 1 2 3 4 |  4.6
Dodging        | 3 4 |  4.3
Spellcasting   | 3 |  3.5
Armour         | 1 2 |  2.2
Invocations    | 1 2 |  2.2
Stealth        | |  1.6

Action                   |  1- 3 |  4- 6 |  7- 9 || total
-------------------------+-------+-------+-------++-------
Melee: Dagger            |     1 |       |       ||     1
       Short sword       |    47 |    46 |    14 ||   107
       Punch             |       |     1 |       ||     1
 Cast: Magic Dart        |    63 |    47 |     9 ||   119
       Sandblast         |       |    22 |    17 ||    39
       Slow              |       |     2 |       ||     2
       Mephitic Cloud    |       |     5 |     3 ||     8
       Conjure Flame     |       |     1 |       ||     1
       Static Discharge  |       |     4 |       ||     4
       Blink             |       |     1 |       ||     1
       Call Canine Famil |       |       |    28 ||    28
Invok: Divine Shield     |       |     1 |       ||     1
  Use: Potion            |       |       |     1 ||     1
 Stab: Sleeping          |     1 |       |       ||     1
Armor: Robe              |    17 |    15 |     3 ||    35
Dodge: Dodged            |    31 |    32 |    20 ||    83
Block: Other             |       |     1 |       ||     1
